 Dungeon Crawl Stone Soup version 0.27-a0-1497-gf8f22f7954 (webtiles) character file.

Game seed: 5385874852860346979

2 Lavandula the Vexing (level 1, 0/13 HPs)
             Began as a Vampire Enchanter on July 7, 2021.
             Slain by a quokka (4 damage)
             ... on level 1 of the Dungeon.
             The game lasted 00:00:36 (107 turns).

Lavandula the Vexing (Vampire Enchanter)             Turns: 107, Time: 00:00:36

Health: 0/13       AC:  2    Str:  7    XL:     1   Next: 33%
Magic:  3/3        EV: 12    Int: 17    God:
Gold:   22         SH:  0    Dex: 14    Spells: 3/4 levels left

rFire    . . .     SeeInvis +   g - +0 long sword
rCold    . . .     Faith    .   (no shield)
rNeg     . . .     Spirit   .   b - +0 robe
rPois    .         Reflect  .   (no helmet)
rElec    .         Harm     .   (no cloak)
rCorr    .         Rampage  .   (no gloves)
Will     .....                  (no boots)
Stlth    +++.......             (no amulet)
HPRegen  0.24/turn              (no ring)
MPRegen  0.08/turn              (no ring)

@: healing quickly
A: alive, fangs 3, see invisible, vampiric 1
a: Exsanguinate


You were on level 1 of the Dungeon.
You visited 1 branch of the dungeon, and saw 1 of its levels.

You collected 22 gold pieces.

Inventory:

Hand Weapons
 a - a +1 dagger
 g - a +0 long sword (weapon)
Armour
 b - a +0 robe (worn)
Scrolls
 d - a scroll of amnesia {unknown}
 f - a scroll of blinking {unknown}
Potions
 c - a potion of lignification {unknown}
 e - a potion of ambrosia {unknown}


   Skills:
 - Level 1.1(1.2) Short Blades
 + Level 0.8(1.1) Long Blades
 - Level 2.1 Dodging
 - Level 4.4 Stealth
 - Level 2.0 Spellcasting
 - Level 4.4 Hexes


You had 3 spell levels left.
You knew the following spells:

 Your Spells              Type           Power      Damage    Failure   Level
a - Corona                Hex            17%        N/A       3%          1

Your spell library contained the following spells:

 Spells                   Type           Power      Damage    Failure   Level
 Confusing Touch          Hex            16%        N/A       10%         3
 Tukima's Dance           Hex            16%        N/A       10%         3
 Ensorcelled Hibernation  Hex/Ice        18%        N/A       12%         2
 Dazzling Flash           Conj/Hex       18%        N/A       24%         3


Dungeon Overview and Level Annotations

Branches:
Dungeon (1/15)

Altars:


Innate Abilities, Weirdness & Mutations

Your natural rate of healing is accelerated.
You have razor-sharp teeth.
You have supernaturally acute eyesight. (SInv)
You are afflicted with vampirism.


Message History

Found a stone staircase leading down.
The helpless ball python fails to defend itself.
You hit the ball python.
The ball python is moderately wounded.
The ball python misses you. The ball python grabs you.
The ball python constricts you. The ball python bites you.
The ball python constricts you.
You hit the ball python.
You kill the ball python!
HP restored.
There is a stone staircase leading down here.
A frilled lizard comes into view.
A ball python and a quokka come into view.
The frilled lizard hisses angrily.
The ball python hisses angrily.
You closely miss the ball python. The ball python closely misses you.
The ball python grabs you. The ball python constricts you.
The frilled lizard unfolds its giant frill.
The ball python closely misses you. The ball python constricts you.
You escape the ball python's grasp.
The quokka twitches its whiskers.
You slash the ball python!
You kill the ball python!
The frilled lizard misses you.
You riposte.
You hit the frilled lizard.
You kill the frilled lizard!
The quokka closely misses you.
You riposte.
You hit the quokka but do no damage. The quokka bites you.
You see here a frilled lizard corpse.
You barely miss the quokka. The quokka closely misses you.
You riposte.
You hit the quokka. You bite the quokka, but do no damage.
The quokka is severely wounded.
You miss the quokka. Your bite misses the quokka.
The quokka is severely wounded.
The quokka bites you. x2
You are too injured to fight recklessly!
The quokka bites you.
There is a stone staircase leading down here.
The quokka bites you.
* * * LOW HITPOINT WARNING * * *
The quokka bites you.
You die...

#.# #†#
#########.#.####
#..>.............
#.#########.#.###
#.# .# #.# # #r#
#@# #.# #.# ♣♣♣♣♣
#.#♣♣♣♣...♣♣♣♣#
#.#...........#
#.#......|....#
#.#.8..8.8..8.#
#.#..÷÷....÷..#
#.#...........#


You could see a quokka.

Vanquished Creatures
  2 ball pythons (D:1)
  A frilled lizard (D:1)
3 creatures vanquished.

Notes
Turn   | Place    | Note
-------+----------+-------------------------------------------
     0 | D:1      | Lavandula the Vampire Enchanter began the quest for the
                  | Orb.
     0 | D:1      | Reached XP level 1. HP: 13/13 MP: 3/3
   107 | D:1      | Slain by a quokka

Illustrated notes

Levels and vault maps discovered:
D:1:      giann_forest_graveyard, layout_basic, serial_shops, shop_fountains

Action                   || total
-------------------------++-------
Melee: Long sword        ||     6
       Bite              ||     1
 Stab: Sleeping          ||     1
Dodge: Dodged            ||     6
       Rpst.: Long sword ||     3

Table legend: (Time is in decaauts)
 A = Elapsed time spent in this place.
 B = Non-inter-level travel time spent in this place.
 C = Inter-level travel time spent in this place.
 D = Time resting spent in this place.
 E = Time spent auto-exploring this place.
 F = Levels seen in this place.
 G = Mean time per level.
                   A        B        C        D        E       F      G
               +--------+--------+--------+--------+--------+-----+--------+
         Total |    108 |    108 |      0 |      0 |     49 |   1 |  108.0 |
       Dungeon |    108 |    108 |      0 |      0 |     49 |   1 |  108.0 |
               +--------+--------+--------+--------+--------+-----+--------+

Top non-repeatable levels by time:
     D:1: 108 daAuts
